 Dungeon Crawl Stone Soup version 0.28.0-53-g5a82cb258f (webtiles) character file.

Game seed: 2161280750475543216

414 safid the Cleaver (level 6, 0/52 HPs)
             Began as a Hill Orc Fighter on Aug 12, 2022.
             Killed from afar by Dowan (12 damage)
             ... with a shard of ice
             ... on level 4 of the Dungeon.
             The game lasted 00:03:31 (2562 turns).

safid the Cleaver (Hill Orc Fighter)                Turns: 2562, Time: 00:03:31

Health: 0/52       AC: 14    Str: 21    XL:     6   Next: 91%
Magic:  6/6        EV:  5    Int:  8    God:
Gold:   48         SH:  4    Dex: 10    Spells: 5/5 levels left

rFire   + . .      SeeInvis .   a - +0 war axe
rCold   . . .      Faith    .   c - +0 buckler
rNeg    . . .      Spirit   .   i - +0 plate armour
rPois   +          Reflect  .   n - +0 helmet of Inquiry {rPois rF+ rCorr}
rElec   .          Harm     .   (no cloak)
rCorr   +          Rampage  .   (no gloves)
Will    .....                   j - +0 pair of boots
Stlth   ..........              (no amulet)
HPRegen 0.17/turn               (no ring)
MPRegen 0.10/turn               (no ring)

@: no status effects
A: no striking features
a: no special abilities


You were on level 4 of the Dungeon.
You visited 1 branch of the dungeon, and saw 4 of its levels.

You collected 74 gold pieces.
You spent 26 gold pieces at shops.

Inventory:

Hand Weapons
 a - a +0 war axe (weapon)
Missiles
 o - 5 silver boomerangs (quivered)
Armour
 c - a +0 buckler (worn)
 i - a +0 plate armour (worn)
 j - a +0 pair of boots (worn)
 n - the +0 helmet of Inquiry (worn) {rPois rF+ rCorr}
   (You took it off Robin on level 3 of the Dungeon)

   rF:        It protects you from fire.
   rPois:     It protects you from poison.
   rCorr:     It protects you from acid and corrosion.
Wands
 k - a wand of flame (25)
Scrolls
 e - 2 scrolls of teleportation {unknown}
 f - a scroll of noise {unknown}
 g - 3 scrolls of identify
 h - a scroll of vulnerability {unknown}
 p - 2 scrolls of fear {unknown}
 q - a scroll of silence {unknown}
Potions
 b - a potion of ambrosia {unknown}
 l - a potion of curing {unknown}
 m - a potion of haste {unknown}


   Skills:
 - Level 4.0 Fighting
 + Level 8.4 Axes
 - Level 4.0 Armour
 - Level 4.0 Shields


You had 5 spell levels left.
You didn't know any spells.
Your spell library was empty.

Dungeon Overview and Level Annotations

Branches:
Dungeon (4/15)
 Temple: D:4-7

Altars:
Ashenzari

Shops:
D:1 ?

Annotations:
D:4 Dowan


Message History

Unknown command.
You slash Duvessa!
Duvessa is almost dead.
You closely miss Dowan. Duvessa completely misses you.
Duvessa hits you but does no damage. Dowan hits you but does no damage.
Unknown command.
You barely miss Duvessa.
Duvessa is almost dead.
You closely miss Dowan. Duvessa barely misses you.
Duvessa hits you with a +0 short sword.
Dowan points at you and mumbles some strange words.
The puff of frost hits you but does no damage.
Unknown command.
You completely miss Duvessa.
Duvessa is almost dead.
You hit Dowan but do no damage. Duvessa hits you with a +0 short sword.
Dowan hits you but does no damage. Duvessa hits you but does no damage.
Unknown command.
You slash Duvessa!
You kill Duvessa!
Dowan's eyes darken. "You have made a black mistake."
Dowan seems to find hidden reserves of power!
You hit Dowan but do no damage. Dowan hits you but does no damage. x2
Your Axes skill increases to level 8!
Unknown command.
You closely miss Dowan.
Dowan is lightly wounded.
You block Dowan's attack.
Dowan breathes, "And she was my only..."
Dowan gestures wildly while chanting.
Dowan blinks!
Dowan casts a spell at you. The stone arrow hits you!!
* * * LOW HITPOINT WARNING * * *
Dowan hits you but does no damage. x2
You miss Dowan.
Dowan is lightly wounded.
Dowan casts a spell at you. The shard of ice hits you!
You die...

#........#...# ####
#........#...#
#....#........#...#
#....#.......##...#
#...##.......##...#
#...##....=..##...#
#......)........<.#
#...e.............#
#....@............#
#..<##.....####+###
#...##.....#
#..........#
#..........#
#..........#
#...##.....# #...#
###### #....


You could see Dowan (fast).

Vanquished Creatures
  Duvessa (D:4)
  An ogre (D:3)
  A howler monkey (D:3)
  A jelly (D:4)
  A hound (D:2)
  Robin (D:3)
  5 adders
  3 orcs (D:3)
  5 ball pythons
  5 bats
  4 endoplasms
  2 giant cockroaches (D:1)
  12 goblins
  9 hobgoblins
  4 jackals (D:3)
  A quokka (D:1)
  3 frilled lizards (D:1)
  4 kobolds
  4 rats
67 creatures vanquished.

Notes
Turn   | Place    | Note
-------+----------+-------------------------------------------
     0 | D:1      | safid the Hill Orc Fighter began the quest for the Orb.
     0 | D:1      | Reached XP level 1. HP: 19/19 MP: 1/1
   106 | D:1      | Found a faded altar of an unknown god.
   123 | D:1      | Reached XP level 2. HP: 27/27 MP: 2/2
   131 | D:1      | Found Yrhar's Magic Scroll Shoppe.
   135 | D:1      | Reached skill level 3 in Axes
   194 | D:1      | Bought a scroll of identify for 26 gold pieces
   686 | D:2      | Reached XP level 3. HP: 33/33 MP: 3/3
  1069 | D:2      | Reached skill level 4 in Axes
  1069 | D:2      | Reached XP level 4. HP: 29/40 MP: 4/4
  1541 | D:3      | Identified the +0 helmet of Inquiry {rPois rF+ rCorr}
  1541 | D:3      | Noticed Robin
  1561 | D:3      | Killed Robin
  1562 | D:3      | Reached skill level 5 in Axes
  1832 | D:3      | Reached XP level 5. HP: 46/46 MP: 5/5
  1847 | D:3      | Reached skill level 6 in Axes
  1874 | D:3      | Found a broken altar of Ashenzari.
  2335 | D:4      | Noticed Duvessa
  2335 | D:4      | Noticed an ogre
  2336 | D:4      | Noticed Dowan
  2346 | D:3      | Killed an ogre
  2347 | D:3      | Reached skill level 7 in Axes
  2347 | D:3      | Reached XP level 6. HP: 24/52 MP: 6/6
  2558 | D:4      | Killed Duvessa
  2559 | D:4      | Reached skill level 8 in Axes
  2562 | D:4      | Killed from afar by Dowan

Illustrated notes

Levels and vault maps discovered:
D:1:      shiori_arrival_maze, layout_basic, serial_shops, shop_scrolls,
          basic_ecumenical_altar
D:2:      layout_rooms
D:3:      layout_loops_ring, evilmike_ruin_ashenzari, uniq_robin
D:4:      layout_gridville, mainiacjoe_overflow_alcove_1, uniq_duvessa

Skill      XL: |  1  2  3  4  5  6 |
---------------+-------------------+-----
Axes           | 3 4 5 7 8 |  8.4
Fighting       | 4 |  4.0
Armour         | 4 |  4.0
Shields        | 4 |  4.0

Action                   |  1- 3 |  4- 6 || total
-------------------------+-------+-------++-------
Melee: War axe           |    79 |    94 ||   173
Throw: Boomerang         |       |     7 ||     7
  Use: Potion            |       |     1 ||     1
Armor: Scale mail        |    22 |       ||    22
       Plate armour      |    16 |    97 ||   113
Dodge: Dodged            |    32 |    35 ||    67
Block: Buckler           |    10 |    21 ||    31
